Map: 2000 Atmospheres LE

Players

MarineLorD - Winner!

  • Race: Terran Terran
  • League: Master

Clem

  • Race: Terran Terran

Event: DreamHack SC2 Masters 2021 Winter

VOD

Have the link to the VOD?

Description

Time

  • Played on: Oct. 16, 2021, 1:32 p.m.
  • Length: 20:21

All games in this series

Show
View Real Time Build Order
Export as new Build Order

MarineLorD Terran - Winner!

Build Orders:  

Get SALT Encoding   

  12  0:00  SCV  
  13  0:12  SCV  
  14  0:16  Supply Depot  
  14  0:24  SCV  
  15  0:38  SCV  
  15  0:39  Barracks  
  16  0:42  Refinery  
  16  0:50  SCV  
  16  0:53  Refinery  
  17  1:02  SCV  
  18  1:14  SCV  
  19  1:26  Reaper, Orbital Command  
  19  1:28  Supply Depot  
  20  1:39  Factory  
  20  1:52  SCV  
  21  1:58  Barracks Reactor  
  21  2:04  SCV  
  22  2:16  SCV  
  22  2:20  Command Center  
  23  2:28  SCV  
  23  2:29  Hellion  
  26  2:35  Reaper x2  
  28  2:40  SCV  
  29  2:45  Starport  
  29  2:51  Hellion  
  31  2:56  Supply Depot  
  31  3:18  Hellion, SCV, Reaper x2  
  36  3:21  Starport Tech Lab  
  36  3:30  SCV  
  36  3:32  Orbital Command  
  36  3:34  Refinery  
  37  3:42  SCV  
  37  3:43  Factory Tech Lab  
  38  3:49  Raven  
  38  3:54  SCV  
  41  3:58  Marine x2  
  41  4:01  SCV  
  44  4:03  Supply Depot  
  44  4:04  Cyclone  
  44  4:06  SCV  
  48  4:13  SCV  
  48  4:15  Marine x2  
  50  4:19  SCV  
  48  4:25  SCV  
  48  4:31  SCV  
  44  4:33  Raven, Marine x2  
  44  4:38  SCV  
  49  4:43  SCV  
  49  4:44  Siege Tank  
  53  4:50  SCV  
  53  4:51  Marine x2  
  56  4:55  SCV  
  57  5:02  SCV  
  58  5:07  SCV  
  58  5:09  Marine x2  
  59  5:14  SCV  
  59  5:17  Siege Tank  
  62  5:22  SCV  
  62  5:26  SCV  
  62  5:30  Command Center  
  62  5:41  Supply Depot  
  62  5:45  Supply Depot  
  62  5:47  Supply Depot  
  62  5:59  Refinery  
  62  6:00  Supply Depot  
  62  6:01  Stimpack  
  62  6:02  Barracks  
  62  6:03  SCV x2, Viking x2, Marine  
  69  6:05  Barracks  
  69  6:07  Siege Tank  
  72  6:13  Engineering Bay  
  72  6:15  Supply Depot, SCV x2  
  72  6:17  Engineering Bay  
  74  6:21  Supply Depot  
  74  6:22  Supply Depot  
  74  6:27  SCV x2  
  74  6:31  Marine  
  77  6:33  Viking  
  77  6:34  Viking  
  77  6:39  SCV x2  
  83  6:43  Terran Infantry Weapons Level 1, Terran Infantry Armor Level 1  
  83  6:51  SCV x2  
  83  6:52  Barracks Reactor x2, Marine  
  86  6:57  Siege Tank  
  86  7:01  Orbital Command  
  89  7:05  SCV x2  
  91  7:09  Viking  
  91  7:11  Viking  
  91  7:13  Marine  
  96  7:17  SCV  
  96  7:19  SCV  
  98  7:29  SCV  
  100  7:30  SCV, Refinery  
  100  7:31  SCV  
  100  7:33  Refinery  
  101  7:39  Viking  
  101  7:41  Supply Depot, SCV, Viking  
  101  7:42  SCV  
  101  7:43  Supply Depot  
  107  7:44  Siege Tank  
  107  7:46  Marine x4  
  107  7:47  Marine  
  107  7:50  Combat Shield  
  115  7:53  SCV x2  
  117  8:01  Barracks  
  117  8:02  Barracks  
  117  8:03  Armory  
  117  8:04  Marine  
  118  8:07  SCV x2  
  118  8:08  Sensor Tower  
  118  8:09  Marine x3  
  118  8:10  Marine  
  124  8:13  Medivac  
  124  8:19  SCV x2  
  128  8:21  Medivac  
  128  8:22  Marine  
  128  8:26  Marine  
  128  8:27  Marine  
  132  8:28  Supply Depot  
  132  8:29  Supply Depot  
  132  8:30  Marine x2  
  132  8:32  Siege Tank  
  138  8:40  Marine  
  139  8:44  Marine x2  
  139  8:48  Marine x2  
  142  8:53  Barracks Reactor x2  
  142  8:55  SCV x2  
  145  8:57  Marine  
  145  9:02  Marine x2  
  147  9:03  Command Center  
  147  9:06  Marine x2  
  144  9:15  Marine  
  126  9:18  Siege Tank  
  126  9:19  Medivac  
  126  9:20  Marine x2  
  126  9:22  Factory, Medivac  
  126  9:23  SCV x2, Marine  
  126  9:24  Marine  
  139  9:25  Terran Infantry Weapons Level 2  
  139  9:26  Terran Infantry Armor Level 2  
  139  9:30  Terran Vehicle Weapons Level 1  
  139  9:32  Marine x2  
  139  9:33  Marine x2  
  139  9:35  Marine  
  139  9:38  Marine x2  
  146  9:41  Marine x2  
  147  9:50  Marine x3  
  147  9:51  Marine  
  150  9:53  SCV x3, Marine  
  150  9:55  Marine  
  150  9:56  Marine  
  150  9:59  Marine x2  
  158  10:00  Siege Tank  
  158  10:02  Medivac x2  
  165  10:08  SCV, Marine x3  
  165  10:09  Marine  
  165  10:11  Marine  
  165  10:13  Marine x2  
  142  10:17  Marine  
  137  10:25  Starport  
  137  10:26  Marine x2  
  137  10:27  SCV x3  
  137  10:28  Marine x2  
  143  10:29  Marine  
  143  10:31  Viking, Marine  
  143  10:32  Barracks Reactor  
  143  10:34  Starport  
  149  10:36  Liberator  
  149  10:37  Siege Tank  
  149  10:40  Siege Tank  
  156  10:46  Marine x2  
  156  10:48  Planetary Fortress  
  157  10:50  Marine x2  
  157  10:54  Refinery, Marine x2  
  157  10:56  Refinery  
  160  11:01  Marine x2  
  162  11:04  Marine  
  162  11:06  Marine  
  162  11:09  Marine  
  162  11:11  SCV x2  
  162  11:14  Missile Turret, Marine  
  162  11:15  Sensor Tower, Marine x2  
  162  11:16  Command Center, Marine x2  
  169  11:20  Viking  
  169  11:21  Viking  
  169  11:22  Starport Tech Lab x2  
  170  11:37  Marine x2  
  170  11:38  Marine x2  
  151  11:42  Siege Tank, Marine x2  
  151  11:44  SCV  
  151  11:45  SCV x2  
  151  11:46  Marine  
  156  11:48  Marine  
  156  11:50  Terran Vehicle Weapons Level 2  
  156  11:51  Terran Infantry Weapons Level 3, Terran Infantry Armor Level 3  
  156  11:52  Marine  
  156  11:53  Marine  
  159  11:55  Marine  
  162  12:01  Viking x3  
  162  12:02  Missile Turret, Marine x4  
  162  12:03  Missile Turret  
  162  12:04  Marine x2  
  162  12:07  Marine  
  162  12:08  SCV x2  
  174  12:11  Marine x2  
  174  12:13  Marine  
  177  12:20  Marine x4  
  177  12:22  Marine x2  
  179  12:24  Marine  
  179  12:29  Marine x2  
  171  12:31  Marine  
  171  12:32  Siege Tank  
  170  12:38  Marine x4  
  170  12:40  Marine x2  
  170  12:41  Raven x2  
  170  12:42  Corvid Reactor, Marine  
  181  12:45  SCV  
  181  12:46  SCV  
  181  12:47  Marine  
  181  12:49  Viking x2, Marine x2  
  190  12:53  Supply Depot  
  190  12:55  Marine  
  190  12:56  Siege Tank  
  193  13:01  Marine  
  181  13:07  Marine x2  
  181  13:09  Marine x2  
  181  13:11  Marine  
  170  13:14  Marine x2  
  170  13:19  Viking x2, Marine, Barracks  
  176  13:20  Barracks  
  176  13:21  Sensor Tower  
  176  13:24  Siege Tank  
  176  13:26  Raven x2  
  184  13:32  Siege Tank, Marine  
  184  13:33  Marine x2  
  190  13:35  Marine x2  
  190  13:40  Marine x2  
  194  13:44  Marine x2  
  194  13:45  Marine  
  196  13:50  Marine  
  196  13:51  Planetary Fortress, Marine x2  
  196  13:53  Refinery, Marine  
  196  13:55  Marine  
  200  14:03  Marine  
  200  14:09  Marine  
  182  14:10  Liberator x2, Marine x2  
  182  14:11  Raven  
  182  14:16  Siege Tank x2, Marine x2  
  198  14:18  Marine  
  199  14:25  Terran Vehicle And Ship Armor Level 1  
  199  14:27  Barracks Reactor x2  
  199  14:31  Missile Turret  
  199  14:32  Refinery  
  199  14:40  Hi-Sec Auto Tracking, Neosteel Armor  
  199  14:44  Command Center  
  199  14:45  Command Center  
  199  14:53  Missile Turret  
  199  14:58  Barracks Reactor x2  
  196  15:29  Siege Tank  
  196  15:30  Siege Tank, Marine  
  198  15:49  Marine x4  
  175  15:50  Marine x3  
  175  15:51  Marine x2  
  177  15:59  Viking x2  
  177  16:00  Raven x2  
  177  16:01  Siege Tank, Marine x2  
  177  16:02  Siege Tank  
  177  16:03  Marine x2  
  177  16:04  Marine  
  180  16:07  Marine x3  
  180  16:09  Marine x2  
  186  16:22  Marine  
  186  16:23  Marine x2  
  186  16:24  Marine  
  186  16:25  Marine  
  191  16:29  Viking x2  
  195  16:33  Siege Tank, Marine x2  
  195  16:35  Command Center  
  196  16:42  Siege Tank  
  196  16:43  Raven  
  196  16:47  Starport x2  
  195  16:49  Starport, Orbital Command  
  192  16:56  Command Center  
  192  16:59  Command Center  
  192  17:05  Siege Tank  
  178  17:13  Marine x2  
  178  17:14  Siege Tank, Marine x8  
  178  17:15  Marine x2  
  161  17:16  Marine x2  
  148  17:30  Raven x2  
  148  17:31  Marine x3  
  148  17:32  Marine x4  
  156  17:37  Siege Tank  
  156  17:42  Viking  
  156  17:43  Viking  
  160  17:46  Siege Tank  
  160  17:48  Marine x4  
  163  17:51  Marine x2  
  163  17:52  Marine  
  163  17:54  Marine  
  163  17:55  Marine  
  163  17:56  Marine  
  163  17:57  Marine  
  169  17:58  Marine  
  172  18:06  Marine  
  170  18:13  Terran Ship Weapons Level 1, Raven x2  
  170  18:14  Marine  
  170  18:15  Marine x3  
  178  18:24  Siege Tank x2  
  181  18:40  Marine  
  181  18:41  Marine  
  165  18:42  Marine x2  
  165  18:44  Marine  
  165  18:45  Marine x4  
  165  18:46  Orbital Command  
  168  18:49  Marine x2  
  165  18:56  Siege Tank x2, Marine x2  
  165  18:57  Marine  
  165  18:58  Marine  
  175  19:04  Marine  
  175  19:06  Viking  
  176  19:14  Raven  
  175  19:18  Marine  
  175  19:19  Marine x2  
  175  19:31  Marine x4  
  168  19:32  Marine x2  
  168  19:33  Marine x2  
  168  19:35  Raven  
  172  19:43  Marine x2  
  166  19:52  Sensor Tower  
  166  19:55  Marine  
  166  19:56  Marine x5  
  166  19:58  Marine  
  166  19:59  Marine  
  164  20:00  Marine  
  164  20:02  Marine x3  
  167  20:10  Missile Turret  
Show
View Real Time Build Order
Export as new Build Order

Clem Terran 

Build Orders:  

Get SALT Encoding   

  12  0:00  SCV  
  13  0:12  SCV  
  14  0:17  Supply Depot  
  14  0:24  SCV  
  15  0:38  SCV  
  15  0:40  Barracks  
  15  0:42  Refinery  
  16  0:50  SCV  
  16  0:52  Refinery  
  17  1:03  SCV  
  18  1:15  SCV  
  19  1:27  Orbital Command  
  19  1:28  Supply Depot, Barracks Reactor  
  19  1:40  Factory  
  19  1:53  SCV  
  20  2:03  Reaper  
  20  2:04  Reaper  
  20  2:05  SCV  
  23  2:19  Command Center  
  23  2:25  Hellion  
  23  2:27  SCV  
  25  2:36  Reaper x2  
  27  2:41  Supply Depot  
  27  2:43  SCV  
  28  2:47  Hellion  
  30  2:55  SCV  
  31  2:59  Starport  
  31  3:07  Marine x2  
  31  3:09  Factory Tech Lab  
  31  3:10  SCV  
  34  3:23  SCV  
  34  3:25  Marine x2  
  36  3:29  Cyclone  
  39  3:34  Refinery  
  39  3:41  SCV  
  40  3:42  Orbital Command  
  40  3:45  Medivac  
  42  3:50  Marine x2  
  42  3:53  SCV  
  45  3:59  Supply Depot  
  45  4:05  SCV  
  45  4:08  SCV  
  47  4:10  Factory Tech Lab  
  47  4:11  Marine  
  47  4:12  Marine  
  47  4:17  SCV  
  47  4:20  SCV  
  41  4:29  SCV  
  42  4:31  Raven  
  42  4:32  SCV  
  48  4:39  Siege Tank  
  48  4:42  SCV  
  48  4:44  SCV  
  48  4:45  Marine x2  
  51  4:54  SCV  
  51  4:56  SCV  
  52  5:05  Command Center  
  51  5:08  SCV  
  51  5:10  SCV  
  53  5:20  SCV  
  54  5:21  Siege Tank  
  54  5:23  SCV  
  54  5:24  Marine  
  54  5:27  Raven  
  53  5:32  Supply Depot  
  53  5:34  SCV  
  54  5:38  Marine  
  54  5:39  SCV  
  56  5:44  Marine  
  56  5:46  SCV  
  56  5:48  Refinery  
  56  5:49  Barracks  
  58  5:51  SCV  
  58  5:53  Barracks  
  59  5:58  Siege Tank  
  59  5:59  SCV  
  59  6:03  SCV  
  64  6:07  Supply Depot  
  64  6:12  SCV  
  64  6:15  SCV  
  64  6:16  Supply Depot  
  64  6:18  Orbital Command  
  66  6:20  Marine  
  66  6:21  Viking  
  66  6:25  Viking  
  71  6:27  SCV  
  71  6:28  SCV  
  71  6:32  Siege Tank  
  75  6:37  Orbital Command  
  75  6:38  Marine  
  75  6:39  SCV  
  77  6:40  Barracks Reactor  
  77  6:45  Barracks Reactor  
  77  6:51  Stimpack  
  77  6:53  Viking  
  79  6:54  SCV  
  79  6:55  Viking  
  79  6:57  SCV  
  79  6:59  Marine  
  79  7:00  Engineering Bay x2  
  84  7:03  SCV  
  84  7:06  Siege Tank  
  84  7:07  Supply Depot, SCV  
  89  7:12  SCV  
  90  7:16  SCV  
  90  7:17  Marine x3  
  90  7:19  SCV  
  90  7:21  Supply Depot  
  95  7:24  SCV, Barracks  
  95  7:25  Terran Infantry Weapons Level 1  
  95  7:26  Barracks  
  95  7:28  Marine, Terran Infantry Armor Level 1  
  94  7:30  SCV  
  94  7:35  Viking, Marine  
  94  7:36  SCV  
  99  7:40  Supply Depot  
  99  7:41  Siege Tank  
  99  7:42  SCV  
  103  7:45  Viking  
  103  7:47  SCV  
  103  7:48  SCV  
  103  7:49  Marine  
  107  7:53  Refinery, Marine  
  107  7:54  SCV, Refinery  
  107  7:56  Marine x3  
  110  7:59  SCV  
  110  8:02  Supply Depot  
  110  8:03  SCV  
  112  8:06  SCV  
  112  8:07  Sensor Tower  
  112  8:08  Supply Depot  
  112  8:09  Marine  
  112  8:11  SCV  
  115  8:15  SCV  
  115  8:17  Supply Depot  
  115  8:18  SCV  
  117  8:20  Barracks Reactor  
  117  8:21  Barracks Reactor  
  117  8:23  SCV, Siege Tank  
  117  8:26  Viking  
  123  8:27  Supply Depot  
  123  8:29  Viking  
  123  8:30  Combat Shield  
  123  8:31  Marine x2  
  123  8:32  Marine x2  
  129  8:40  Marine  
  130  8:42  Supply Depot  
  130  8:45  Sensor Tower  
  130  8:48  Marine  
  130  8:49  Marine  
  130  8:54  Marine x2  
  130  8:55  Siege Tank  
  137  8:56  Command Center  
  137  8:58  Medivac  
  137  9:03  Marine x2  
  137  9:09  Marine  
  134  9:10  Marine  
  134  9:12  SCV, Marine x2  
  134  9:13  SCV  
  134  9:14  Medivac  
  134  9:15  Marine x3  
  128  9:21  Marine  
  128  9:22  Marine  
  128  9:23  Factory  
  130  9:27  Siege Tank, Marine  
  130  9:28  Medivac, Marine  
  130  9:29  Marine  
  138  9:33  Supply Depot, Marine  
  138  9:34  Marine  
  138  9:37  Marine x2  
  142  9:38  Marine  
  142  9:44  Medivac  
  142  9:46  Supply Depot, Marine x2  
  142  9:47  Armory  
  142  9:50  Marine  
  142  9:52  Marine  
  146  9:53  Marine x2  
  146  9:55  Marine  
  146  9:58  Marine  
  150  10:04  Marine x2  
  153  10:08  Marine  
  153  10:09  Marine  
  153  10:10  Siege Tank  
  153  10:11  Marine x2  
  153  10:13  Marine  
  137  10:15  Marine  
  137  10:16  Medivac  
  135  10:21  Siege Tank  
  135  10:22  Marine x2  
  135  10:24  Barracks Reactor, Sensor Tower  
  135  10:25  Marine  
  141  10:28  Starport  
  141  10:29  SCV x2  
  141  10:31  Starport  
  143  10:39  Marine  
  143  10:41  Terran Infantry Weapons Level 2  
  143  10:42  Siege Tank  
  147  10:44  Refinery  
  147  10:46  Refinery  
  147  10:47  Terran Infantry Armor Level 2  
  147  10:54  Siege Tank  
  147  10:56  Marine x3  
  153  10:57  Marine  
  153  11:00  Terran Vehicle Weapons Level 1  
  153  11:02  SCV x2  
  153  11:03  SCV  
  157  11:05  Planetary Fortress  
  157  11:08  Marine x3  
  157  11:10  Marine  
  161  11:19  Marine x4  
  161  11:20  Starport Tech Lab, Marine  
  161  11:21  Starport Tech Lab  
  161  11:22  Siege Tank  
  169  11:29  Siege Tank  
  169  11:31  Marine  
  170  11:34  Marine x2  
  170  11:36  Marine  
  150  11:42  Marine x4  
  150  11:44  Viking x2  
  151  11:48  SCV x3  
  151  11:49  SCV  
  151  11:53  Marine x2  
  151  11:54  Siege Tank, Marine  
  161  11:57  Corvid Reactor  
  161  12:01  Siege Tank  
  161  12:03  Command Center  
  161  12:07  Marine x2  
  166  12:08  Marine  
  165  12:17  Marine x3  
  165  12:21  Marine  
  165  12:22  Marine  
  164  12:26  Siege Tank, Marine x3  
  164  12:29  Marine  
  164  12:32  Marine  
  164  12:34  Siege Tank  
  164  12:35  Marine x3  
  162  12:38  Viking x2  
  162  12:39  Raven x2, Marine  
  162  12:40  Marine  
  172  12:46  Missile Turret  
  172  12:47  Starport  
  172  12:50  Missile Turret x2, Marine x2  
  174  12:53  Marine x2  
  174  12:58  Siege Tank, Marine x2  
  181  13:00  Marine x2  
  173  13:06  Siege Tank, Terran Infantry Weapons Level 3  
  152  13:14  Terran Infantry Armor Level 3  
  152  13:15  Marine x2  
  152  13:16  Marine  
  155  13:22  SCV x3, Marine  
  155  13:24  Marine  
  155  13:25  Raven  
  162  13:28  Marine x2, Starport Reactor  
  162  13:30  Siege Tank  
  162  13:31  Refinery, Marine x2  
  162  13:32  Refinery, Marine  
  170  13:38  Siege Tank, Marine  
  170  13:39  Marine x2  
  175  13:41  Planetary Fortress  
  175  13:54  Marine x2  
  175  13:55  Marine x3  
  180  13:58  Viking  
  180  14:02  Siege Tank  
  162  14:10  Siege Tank, Marine x2  
  162  14:11  Marine x3  
  162  14:12  Marine  
  162  14:13  Raven x2, Viking  
  162  14:15  Viking  
  179  14:17  Marine  
  180  14:24  Marine  
  180  14:27  Missile Turret  
  180  14:28  Missile Turret  
  181  14:31  Marine x4  
  181  14:32  Marine  
  181  14:34  Liberator, Siege Tank  
  181  14:35  Terran Vehicle Weapons Level 2  
  192  14:42  Siege Tank  
  193  14:55  Viking  
  193  14:56  Raven x2, Marine x6  
  200  15:02  Command Center  
  199  15:14  Marine  
  199  15:22  Marine  
  184  15:31  Siege Tank x2  
  184  15:32  Marine x2  
  184  15:33  Marine x3  
  195  15:39  Raven x2  
  189  15:44  Marine  
  189  15:49  SCV  
  166  15:50  SCV x2  
  166  15:52  Marine x2  
  160  15:58  Marine x3  
  160  16:00  Marine x2  
  160  16:01  Marine x2  
  160  16:02  Marine  
  160  16:03  Siege Tank, Viking x2  
  160  16:04  Viking  
  174  16:05  Medivac  
  174  16:10  Marine x2  
  180  16:11  Siege Tank  
  180  16:15  Marine  
  180  16:16  Marine x2  
  181  16:20  Refinery, Marine x2  
  181  16:22  Refinery, Raven x2  
  185  16:36  Siege Tank  
  182  16:42  Planetary Fortress  
  182  16:43  Siege Tank  
  179  16:48  Sensor Tower  
  179  16:49  Marine x3  
  179  16:52  Marine  
  183  16:57  Marine x2  
  183  16:58  Marine  
  183  17:02  Sensor Tower  
  183  17:03  Missile Turret, Marine  
  183  17:05  Raven  
  183  17:08  Siege Tank  
  178  17:15  Siege Tank, Marine  
  156  17:16  Marine x3  
  146  17:23  Raven  
  146  17:26  Marine  
  142  17:30  Marine x3  
  142  17:35  Marine x4  
  142  17:36  Marine  
  150  17:40  Siege Tank, Marine  
  154  17:44  Marine  
  154  17:45  Refinery  
  154  17:47  Siege Tank, Raven  
  154  17:50  SCV x2  
  154  17:51  Command Center  
  162  17:52  SCV  
  163  18:01  Marine x4  
  163  18:03  Marine  
  163  18:04  Marine  
  168  18:06  Raven, Marine  
  168  18:07  Marine  
  168  18:12  Siege Tank  
  175  18:13  Marine  
  175  18:19  Medivac x2  
  180  18:22  Marine x2  
  180  18:24  Marine x2  
  184  18:29  Marine x2  
  184  18:30  Raven, Marine x2  
  189  18:40  Siege Tank, Marine  
  171  18:42  Marine  
  171  18:45  Marine  
  162  18:48  Marine x2  
  162  18:50  Siege Tank  
  162  19:08  Marine x2  
  152  19:11  Marine x2  
  152  19:12  Siege Tank  
  152  19:14  Raven x2  
  152  19:15  Marine  
  162  19:17  Marine x2  
  162  19:19  Marine  
  155  19:32  Siege Tank  
  155  19:33  Marine x2  
  146  19:39  Marine x2  
  146  19:40  Marine x2  
  146  19:44  Siege Tank  
  148  19:48  Marine x2  
  148  19:52  Marine  
  130  20:00  Marine x4  
  130  20:01  Marine  

Tags
 
Add a new tag
Caveats
  • Supply blocks, unpowered buildings, or Contaminate may cause inaccurate times.
  • Supply counts are checked every 10 seconds.